 Dungeon Crawl Stone Soup version 0.19.0-2-gae57169 (webtiles) character file.

102 FireInc the Sneak (level 4, -5/42 HPs)
             Began as a Naga Monk on Nov 4, 2016.
             Killed by divine providence
             ... invoked by an orc priest
              (14 damage)
             ... on level 3 of the Dungeon.
             The game lasted 00:10:32 (2090 turns).

FireInc the Sneak (Naga Monk)                       Turns: 2090, Time: 00:10:33

Health: -5/42      AC:  7    Str: 14    XL:     4   Next: 77%
Magic:  4/4        EV:  9    Int: 10    God:
Gold:   59         SH:  0    Dex: 14    Spells: 1 memorised, 2 levels left

rFire  . . .     SeeInvis +     a - +0 falchion
rCold  . . .     Gourm    .     g - +0 ring mail
rNeg   . . .     Faith    .     (no shield)
rPois  +         Spirit   .     e - +2 helmet
rElec  .         Reflect  .     (no cloak)
rCorr  .         Harm     .     (no gloves)
MR     .....                    (no barding)
Stlth  ++........               (no amulet)
                                (no ring)
                                (no ring)

@: very slow
A: see invisible, deformed body, poison resistance, slowness 2, slow metabolism
1, spit poison 1, AC +1
a: Spit Poison


You were on level 3 of the Dungeon.
You were not hungry.

You visited 1 branch of the dungeon, and saw 3 of its levels.

You collected 59 gold pieces.


Innate Abilities, Weirdness & Mutations

You cannot wear boots.
Your serpentine skin is tough. (AC +1)
You have supernaturally acute eyesight. (SInv)
Armour fits poorly on your strangely shaped body.
Your system is resistant to poisons. (rPois)
You cover ground very slowly.
You have a slow metabolism.
You can spit poison.


   Skills:
 - Level 3.0 Fighting
 * Level 4.0 Long Blades
 + Level 1.1 Throwing
 + Level 1.2 Armour
 - Level 2.4 Dodging
 + Level 4.8 Stealth


You had 2 spell levels left.
You knew the following spells:

 Your Spells              Type           Power        Failure   Level  Hunger
k - Animate Skeleton      Necr           N/A          78%         1    ##.....

Inventory:

Hand Weapons
 a - a +0 falchion (weapon)
Missiles
 b - a curare-tipped needle {=f}
Armour
 e - a +2 helmet (worn)
 g - a +0 ring mail (worn)
 m - a +1 leather armour of cold resistance
Scrolls
 f - a scroll of random uselessness {unknown}
 i - a scroll of fog
Potions
 d - 2 potions of cancellation {unknown}
 k - a potion of brilliance {unknown}
 n - a potion of degeneration {unknown}
 p - a potion of mutation {unknown}
 q - a potion of haste {unknown}
 r - a potion of heal wounds {unknown}
 s - a potion of lignification {unknown}
 u - a potion of curing {unknown}
Books
 t - a book of Cantrips

   Spells                             Type                      Level
   a - Confusing Touch                Hexes                        1
   b - Animate Skeleton               Necromancy                   1
   c - Summon Small Mammal            Summoning                    1
   d - Apportation                    Translocation                1
Comestibles
 c - 3 bread rations {@e1}

Dungeon Overview and Level Annotations

Branches:
Dungeon (3/15)

Altars:

#############
###.#.#...#.#.########
#...#...#...#....$...##
#.#...#.#.#...#.......##
#.#...#.#.#Ko.#........#
#...#...#.@.#..).......#
#######.#.#.#...#.#.#........#
........#############........#
########...... .........#
#######....... .........##
........#####. #..........#
.### #...K......# ...#
#..........# ##.####


You could see an orc priest and a kobold.


Message History

The splash of poison hits the kobold.
The kobold is poisoned.
You kill the kobold!
You feel slightly more hungry.
The orc priest calls down the wrath of Beogh upon you.
You struggle to resist.
The orc priest looks satisfied for a moment.
You see here a trident.
You closely miss the orc priest.
The orc priest is severely wounded.
The orc priest hits you but does no damage.
You hit the orc priest.
The orc priest is almost dead.
The orc priest barely misses you.
You completely miss the orc priest.
The orc priest is almost dead.
You have got your breath back.
The kobold hits you but does no damage.
The orc priest looks encouraged for a moment.
You hit the orc priest but do no damage.
The orc priest is almost dead.
The kobold hits you but does no damage.
The orc priest hits you with a hand axe.
* * * LOW HITPOINT WARNING * * *
You hit the orc priest but do no damage.
The orc priest is almost dead.
The kobold hits you but does no damage.
The orc priest hits you but does no damage.
The orc priest invokes the aid of Beogh against you.
Beogh smites you!
You die...

Skill      XL: |  1  2  3  4 |
---------------+-------------+-----
Stealth        | 4 |  4.8
Armour         | 1 |  1.2
Throwing       | 1 |  1.1
Long Blades    | 4 |  4.0
Fighting       | |  3.0
Dodging        | |  2.4

Action                   |  1- 3 |  4- 6 || total
-------------------------+-------+-------++-------
Melee: Falchion          |    82 |    43 ||   125
 Abil: Spit Poison       |    15 |     5 ||    20
  Use: Scroll            |       |     4 ||     4
 Stab: Sleeping          |     6 |       ||     6
  Eat: Chunk             |     2 |     2 ||     4
Armor: Ring mail         |    17 |     6 ||    23
       Leather armour    |    33 |    15 ||    48
Dodge: Dodged            |    49 |    22 ||    71
       Rpst.: Falchion   |    22 |     5 ||    27

Vault maps used:
D:1:      sevenhm_arrival_forest_fort_large_2
D:2:      minmay_item_behind_shaft
D:3:      hangedman_decor_slide_cut, minmay_misc_feat_alley

Notes
Turn   | Place    | Note
-------+----------+-------------------------------------------
     0 | D:1      | FireInc the Naga Monk began the quest for the Orb.
     0 | D:1      | Reached XP level 1. HP: 21/21 MP: 1/1
   525 | D:1      | Reached XP level 2. HP: 28/28 MP: 2/2
   955 | D:1      | Reached XP level 3. HP: 34/34 MP: 3/3
  1100 | D:1      | Reached skill level 4 in Stealth
  1494 | D:2      | Reached skill level 1 in Armour
  1516 | D:2      | Reached XP level 4. HP: 40/42 MP: 4/4
  1562 | D:2      | You fall through a shaft!
  1675 | D:2      | Learned a level 1 spell: Animate Skeleton
  1715 | D:3      | Reached skill level 1 in Throwing
  1903 | D:3      | Reached skill level 4 in Long Blades
  2090 | D:3      | Killed from afar by an orc priest

Vanquished Creatures
  An orc priest (D:3)
  An adder (D:2)
  2 worms (D:2)
  A dart slug (D:2)
  2 leopard geckos
  3 orcs (D:3)
  A giant cockroach (D:1)
  7 goblins
  4 hobgoblins
  12 bats
  6 frilled lizards
  10 kobolds
  5 rats
55 creatures vanquished.
